[ AOE2 MATCH · #469714505 ]
Team RMPersians vs Italians
[ REPLAY ANALYSIS · EXTRACTED FROM THE RECORDED GAME ]
Feudal
11:39
Castle
22:57
Imperial
37:17
| APM avg | 16.2 |
| APM peak | 43 |
| eAPM avg | 10.7 |
| Villagers / military | 87 / 50 |
Focus
⚔️ 21.6% · 🌾 78.4%
Scout Cavalry ×24 · Camel Scout ×11 · Mangonel ×6 · War Elephant ×4 · Spearman ×3 · Battering Ram ×2
Feudal
—
Castle
—
Imperial
—
| APM avg | 12.2 |
| APM peak | 64 |
| eAPM avg | 9.6 |
| Villagers / military | 91 / 124 |
Focus
⚔️ 30.2% · 🌾 69.8%
Unknown (882) ×98 · Genoese Crossbowman ×51 · Spearman ×44 · Skirmisher ×20 · Archer ×7 · Militia ×2
Feudal
—
Castle
—
Imperial
—
| APM avg | 6.5 |
| APM peak | 18 |
| eAPM avg | 5.9 |
| Villagers / military | 55 / 28 |
Focus
⚔️ 23.1% · 🌾 76.9%
Scout Cavalry ×12 · Archer ×9 · Trebuchet (Packed) ×4 · Militia ×3
Feudal
10:16
Castle
19:28
Imperial
35:27
| APM avg | 15.0 |
| APM peak | 50 |
| eAPM avg | 10.7 |
| Villagers / military | 117 / 89 |
Focus
⚔️ 18.8% · 🌾 81.2%
Archer ×58 · Scout Cavalry ×19 · Spearman ×5 · Knight ×4 · Trebuchet (Packed) ×2 · Monk ×1
Feudal
—
Castle
—
Imperial
—
| APM avg | 9.8 |
| APM peak | 60 |
| eAPM avg | 9.3 |
| Villagers / military | 87 / 118 |
Focus
⚔️ 39.7% · 🌾 60.3%
Tarkan ×89 · Spearman ×27 · Trade Cart ×7 · Trebuchet (Packed) ×2
Feudal
11:15
Castle
21:35
Imperial
38:52
| APM avg | 11.9 |
| APM peak | 31 |
| eAPM avg | 8.7 |
| Villagers / military | 77 / 39 |
Focus
⚔️ 16.9% · 🌾 83.1%
Conquistador ×20 · Spearman ×6 · Bombard Cannon ×5 · Knight ×4 · Monk ×2 · Trebuchet (Packed) ×2
Match map
Resources at game start + every placement click. Thick line = wall · dashed box = detected house wall. 🟡 gold · ⚪ stone · 🟢 berries · 🔶 boar · ⭕ relic
Inputs per minute
— Red Leader - - bitdos1001
Build order — Red Leader
First 150 of 264 actions detected
| 0:03 | Build | House |
| 0:05 | Build | House |
| 0:14 | Create | Villager (Male) |
| 0:14 | Create | Villager (Male) |
| 0:14 | Create | Villager (Male) |
| 0:14 | Create | Villager (Male) |
| 0:15 | Create | Villager (Male) |
| 1:38 | Create | Villager (Male) |
| 2:07 | Build | Lumber Camp |
| 2:24 | Create | Villager (Male) |
| 3:00 | Create | Villager (Male) |
| 3:00 | Create | Villager (Male) |
| 3:31 | Build | House |
| 4:17 | Create | Villager (Male) |
| 4:17 | Create | Villager (Male) |
| 4:17 | Create | Villager (Male) |
| 4:41 | Research | Loom |
| 4:46 | Build | Mill |
| 5:00 | Create | Villager (Male) |
| 5:32 | Build | House |
| 6:10 | Create | Villager (Male) |
| 6:10 | Create | Villager (Male) |
| 6:46 | Build | Outpost |
| 6:49 | Build | Outpost |
| 6:52 | Build | Outpost |
| 6:54 | Build | Outpost |
| 6:56 | Build | Outpost |
| 7:20 | Create | Villager (Male) |
| 7:20 | Create | Villager (Male) |
| 7:20 | Create | Villager (Male) |
| 7:46 | Create | Villager (Male) |
| 9:35 | Research | Feudal Age |
| 9:42 | Build | Barracks |
| 9:56 | Build | House |
| 9:57 | Build | House |
| 9:57 | Build | House |
| 10:20 | Build | Outpost |
| 10:36 | Build | Mining Camp |
| 10:46 | Build | Mining Camp |
| 10:52 | Create | Villager (Male) |
| 10:52 | Create | Villager (Male) |
| 11:39 | Age | Feudal Age |
| 11:39 | Research | Horse Collar |
| 11:44 | Research | Double-Bit Axe |
| 11:58 | Build | Stable |
| 12:07 | Build | House |
| 12:08 | Build | House |
| 12:14 | Create | Villager (Male) |
| 12:14 | Create | Villager (Male) |
| 12:37 | Create | Villager (Male) |
| 12:37 | Create | Villager (Male) |
| 12:48 | Build | Blacksmith |
| 13:20 | Build | Farm |
| 13:50 | Build | Lumber Camp |
| 13:56 | Create | Villager (Male) |
| 13:56 | Create | Villager (Male) |
| 13:56 | Create | Villager (Male) |
| 14:09 | Build | Farm |
| 14:20 | Create | Villager (Male) |
| 14:54 | Build | Market |
| 15:09 | Build | Market |
| 15:17 | Create | Villager (Male) |
| 15:18 | Create | Villager (Male) |
| 15:46 | Build | Farm |
| 15:49 | Create | Villager (Male) |
| 15:49 | Create | Villager (Male) |
| 15:49 | Create | Villager (Male) |
| 16:17 | Build | Farm |
| 16:20 | Create | Villager (Male) |
| 16:26 | Build | Farm |
| 16:30 | Build | Farm |
| 16:30 | Build | Farm |
| 16:30 | Build | Farm |
| 16:30 | Build | Farm |
| 16:31 | Build | Farm |
| 16:31 | Build | Farm |
| 16:38 | Build | Farm |
| 16:49 | Create | Villager (Male) |
| 17:19 | Build | Farm |
| 17:24 | Build | Farm |
| 17:30 | Build | Farm |
| 17:33 | Research | Wheelbarrow |
| 17:43 | Create | Villager (Male) |
| 17:43 | Create | Villager (Male) |
| 18:32 | Research | Bloodlines |
| 19:00 | Create | Villager (Male) |
| 19:15 | Build | Mill |
| 19:30 | Build | Farm |
| 19:35 | Build | Farm |
| 19:40 | Create | Villager (Male) |
| 20:07 | Build | Farm |
| 20:32 | Research | Castle Age |
| 21:11 | Research | Scale Barding Armor |
| 22:13 | Create | Villager (Male) |
| 22:13 | Create | Villager (Male) |
| 22:13 | Create | Villager (Male) |
| 22:13 | Create | Villager (Male) |
| 22:57 | Age | Castle Age |
| 22:59 | Build | Town Center |
| 23:06 | Build | Town Center |
| 23:30 | Build | Siege Workshop |
| 23:34 | Build | Stable |
| 23:59 | Research | Hand Cart |
| 24:00 | Create | Villager (Male) |
| 24:00 | Create | Villager (Male) |
| 24:00 | Create | Villager (Male) |
| 24:05 | Research | Forging |
| 24:11 | Build | Farm |
| 24:11 | Build | Farm |
| 24:13 | Research | Heavy Plow |
| 24:16 | Research | Bow Saw |
| 24:54 | Create | Camel Scout |
| 24:54 | Create | Camel Scout |
| 24:54 | Create | Camel Scout |
| 25:07 | Create | Camel Scout |
| 25:07 | Create | Camel Scout |
| 26:40 | Build | Castle |
| 27:04 | Create | Villager (Male) |
| 27:04 | Create | Villager (Male) |
| 27:08 | Research | Stone Mining |
| 27:08 | Research | Gold Mining |
| 27:14 | Create | Villager (Male) |
| 27:15 | Create | Villager (Male) |
| 27:15 | Create | Villager (Male) |
| 27:15 | Create | Villager (Male) |
| 27:15 | Create | Villager (Male) |
| 27:26 | Create | Villager (Male) |
| 27:26 | Create | Villager (Male) |
| 27:26 | Create | Villager (Male) |
| 27:26 | Create | Villager (Male) |
| 27:26 | Create | Villager (Male) |
| 27:27 | Create | Villager (Male) |
| 28:18 | Create | Villager (Male) |
| 28:18 | Create | Villager (Male) |
| 28:18 | Create | Villager (Male) |
| 28:19 | Create | Villager (Male) |
| 28:19 | Create | Villager (Male) |
| 28:19 | Create | Villager (Male) |
| 28:30 | Build | House |
| 28:31 | Build | House |
| 28:31 | Build | House |
| 28:31 | Build | House |
| 28:32 | Build | House |
| 28:32 | Build | House |
| 28:32 | Build | House |
| 28:33 | Build | House |
| 28:34 | Build | House |
| 28:58 | Create | Battering Ram |
| 28:58 | Create | Battering Ram |
| 29:09 | Research | Husbandry |
Build order — bitdos1001
First 150 of 293 actions detected
| 0:08 | Create | Villager (Male) ×4 |
| 0:12 | Build | House |
| 0:20 | Build | House |
| 0:21 | Build | House |
| 0:23 | Build | House |
| 0:49 | Research | Loom |
| 1:50 | Create | Villager (Male) |
| 2:19 | Create | Villager (Male) |
| 2:40 | Create | Villager (Male) |
| 3:13 | Create | Villager (Male) |
| 3:20 | Create | Villager (Male) |
| 3:43 | Create | Villager (Male) |
| 3:43 | Create | Villager (Male) |
| 4:17 | Create | Villager (Male) |
| 4:33 | Create | Villager (Male) |
| 5:09 | Build | Mill |
| 5:24 | Create | Villager (Male) |
| 5:24 | Create | Villager (Male) |
| 5:24 | Create | Villager (Male) |
| 5:25 | Create | Villager (Male) |
| 5:49 | Create | Villager (Male) |
| 6:35 | Build | Lumber Camp |
| 6:53 | Create | Villager (Male) ×3 |
| 6:56 | Create | Villager (Male) |
| 6:57 | Create | Villager (Male) |
| 6:58 | Create | Villager (Male) |
| 7:05 | Build | House |
| 7:39 | Build | House |
| 7:45 | Build | House |
| 7:49 | Build | House |
| 9:05 | Create | Villager (Male) ×4 |
| 9:11 | Create | Villager (Male) |
| 9:47 | Build | Barracks |
| 10:03 | Build | Mill |
| 10:11 | Build | Mining Camp |
| 10:27 | Build | Mining Camp |
| 10:41 | Create | Militia ×2 |
| 11:31 | Create | Villager (Male) |
| 12:37 | Research | Feudal Age |
| 13:08 | Build | House |
| 13:09 | Build | House |
| 13:12 | Build | House |
| 13:14 | Build | House |
| 13:17 | Build | House |
| 13:18 | Build | House |
| 13:19 | Build | House |
| 13:21 | Build | House |
| 13:32 | Create | Villager (Male) |
| 13:32 | Create | Villager (Male) |
| 14:14 | Create | Villager (Male) |
| 14:48 | Research | Double-Bit Axe |
| 14:50 | Research | Horse Collar |
| 15:05 | Create | Spearman |
| 15:07 | Create | Spearman |
| 15:19 | Build | Blacksmith |
| 15:25 | Build | Archery Range |
| 15:32 | Build | Watch Tower |
| 15:39 | Build | House |
| 15:41 | Build | House |
| 16:02 | Create | Villager (Male) |
| 16:05 | Create | Villager (Male) |
| 16:15 | Create | Villager (Male) |
| 16:17 | Create | Villager (Male) |
| 16:25 | Build | Farm |
| 16:26 | Build | Farm |
| 16:26 | Build | Farm |
| 16:27 | Build | Farm |
| 16:27 | Build | Farm |
| 16:28 | Build | Farm |
| 16:29 | Build | Farm |
| 16:31 | Build | Farm |
| 16:33 | Build | Farm |
| 16:34 | Build | Farm |
| 16:37 | Build | Farm |
| 16:38 | Build | Farm |
| 16:41 | Build | Farm |
| 16:42 | Build | Farm |
| 16:48 | Build | Farm |
| 16:50 | Build | Farm |
| 16:51 | Build | Farm |
| 17:14 | Research | Fletching |
| 17:27 | Create | Villager (Male) |
| 17:55 | Build | Market |
| 17:58 | Build | Lumber Camp |
| 18:13 | Build | Farm |
| 18:15 | Build | Farm |
| 18:16 | Build | Farm |
| 18:21 | Create | Villager (Male) |
| 18:22 | Create | Villager (Male) |
| 18:55 | Research | Wheelbarrow |
| 19:15 | Research | Town Watch |
| 19:29 | Create | Villager (Male) |
| 19:32 | Create | Villager (Male) |
| 19:44 | Build | Farm |
| 19:45 | Build | Farm |
| 19:46 | Build | Farm |
| 19:46 | Build | Farm |
| 19:50 | Create | Villager (Male) |
| 19:59 | Build | Farm |
| 20:00 | Build | Farm |
| 20:01 | Build | Farm |
| 20:17 | Research | Gold Mining |
| 20:19 | Research | Stone Mining |
| 20:24 | Create | Archer |
| 20:30 | Create | Archer |
| 20:43 | Create | Villager (Male) |
| 22:14 | Research | Castle Age |
| 23:34 | Create | Villager (Male) ×5 |
| 23:41 | Build | Lumber Camp |
| 23:44 | Build | Lumber Camp |
| 23:55 | Build | House |
| 23:58 | Build | House |
| 24:01 | Build | House |
| 24:03 | Build | House |
| 24:05 | Build | House |
| 24:07 | Build | House |
| 24:08 | Build | House |
| 24:10 | Build | House |
| 24:15 | Build | House |
| 24:17 | Build | House |
| 24:19 | Build | House |
| 24:22 | Build | House |
| 24:28 | Create | Archer ×5 |
| 24:32 | Research | Forging |
| 24:32 | Research | Scale Mail Armor |
| 24:32 | Research | Padded Archer Armor |
| 25:00 | Create | Spearman ×5 |
| 25:18 | Research | Thumb Ring |
| 25:19 | Research | Crossbowman (upgrade) |
| 25:29 | Build | Town Center |
| 25:38 | Build | Castle |
| 26:37 | Research | Squires |
| 26:38 | Research | Pikeman (upgrade) |
| 26:43 | Research | Elite Skirmisher (upgrade) |
| 27:20 | Research | Hand Cart |
| 27:22 | Research | Bow Saw |
| 27:25 | Create | Villager (Male) ×5 |
| 27:26 | Create | Villager (Male) ×5 |
| 27:45 | Create | Genoese Crossbowman ×5 |
| 27:47 | Create | Genoese Crossbowman ×5 |
| 28:13 | Build | Farm |
| 28:14 | Build | Farm |
| 28:14 | Build | Farm |
| 28:14 | Build | Farm |
| 28:15 | Build | Farm |
| 28:15 | Build | Farm |
| 28:15 | Build | Farm |
| 28:16 | Build | Farm |
| 28:17 | Build | Farm |
| 28:17 | Build | Farm |
Build order — TurfyLamp6841
First 150 of 166 actions detected
| 0:23 | Research | Loom |
| 0:49 | Create | Villager (Male) |
| 1:20 | Create | Villager (Male) |
| 1:54 | Create | Villager (Male) |
| 2:19 | Create | Villager (Male) |
| 2:27 | Create | Villager (Male) |
| 2:40 | Build | Mill |
| 3:19 | Create | Villager (Male) |
| 3:20 | Create | Villager (Male) |
| 3:41 | Build | House |
| 3:46 | Create | Villager (Male) |
| 4:18 | Create | Villager (Male) |
| 4:19 | Create | Villager (Male) |
| 5:16 | Build | Farm |
| 5:31 | Create | Villager (Male) |
| 5:31 | Create | Villager (Male) |
| 5:43 | Build | House |
| 5:51 | Build | Lumber Camp |
| 6:26 | Build | House |
| 6:49 | Build | Farm |
| 6:54 | Create | Villager (Male) |
| 6:55 | Create | Villager (Male) |
| 6:55 | Create | Villager (Male) |
| 6:55 | Create | Villager (Male) |
| 7:18 | Build | Farm |
| 7:44 | Build | Farm |
| 7:55 | Create | Villager (Male) |
| 7:56 | Create | Villager (Male) |
| 7:56 | Create | Villager (Male) |
| 8:05 | Build | Farm |
| 8:23 | Build | Farm |
| 8:40 | Create | Villager (Male) |
| 8:55 | Build | Farm |
| 9:14 | Build | Farm |
| 9:30 | Create | Villager (Male) |
| 10:03 | Build | Mining Camp |
| 10:07 | Research | Feudal Age |
| 10:17 | Build | Farm |
| 10:32 | Build | Mining Camp |
| 10:48 | Build | Farm |
| 11:16 | Build | House |
| 12:00 | Build | Barracks |
| 12:54 | Research | Wheelbarrow |
| 12:57 | Research | Man-at-Arms (upgrade) |
| 13:07 | Research | Horse Collar |
| 13:12 | Research | Double-Bit Axe |
| 13:18 | Research | Gold Mining |
| 13:25 | Research | Stone Mining |
| 13:33 | Create | Villager (Male) |
| 13:38 | Create | Militia |
| 14:14 | Create | Villager (Male) |
| 14:33 | Build | Farm |
| 14:44 | Create | Villager (Male) |
| 14:44 | Create | Villager (Male) |
| 14:44 | Create | Villager (Male) |
| 14:45 | Create | Villager (Male) |
| 15:06 | Build | Farm |
| 15:41 | Build | Watch Tower |
| 16:00 | Build | Watch Tower |
| 16:09 | Create | Militia |
| 16:09 | Create | Militia |
| 16:19 | Build | Farm |
| 16:26 | Build | House |
| 16:58 | Build | House |
| 17:01 | Build | House |
| 17:10 | Create | Villager (Male) |
| 17:58 | Build | Blacksmith |
| 18:19 | Build | Archery Range |
| 18:39 | Build | Mining Camp |
| 18:45 | Build | Mining Camp |
| 19:15 | Research | Castle Age |
| 19:55 | Create | Archer |
| 19:55 | Create | Archer |
| 19:56 | Create | Archer |
| 19:56 | Create | Archer |
| 19:56 | Create | Archer |
| 19:57 | Create | Archer |
| 19:57 | Create | Archer |
| 20:03 | Research | Padded Archer Armor |
| 20:06 | Research | Scale Barding Armor |
| 20:32 | Build | Watch Tower |
| 21:07 | Research | Fletching |
| 21:33 | Build | House |
| 21:37 | Build | House |
| 21:57 | Research | Hand Cart |
| 22:03 | Research | Bow Saw |
| 22:40 | Build | Lumber Camp |
| 22:48 | Create | Villager (Male) |
| 22:48 | Create | Villager (Male) |
| 22:48 | Create | Villager (Male) |
| 22:49 | Create | Villager (Male) |
| 22:52 | Create | Villager (Male) |
| 23:11 | Research | Heavy Plow |
| 23:24 | Build | Farm |
| 23:48 | Research | Stone Shaft Mining |
| 23:56 | Research | Crossbowman (upgrade) |
| 24:02 | Research | Leather Archer Armor |
| 24:03 | Research | Bodkin Arrow |
| 24:36 | Build | Castle |
| 24:53 | Build | Farm |
| 25:04 | Build | Farm |
| 25:17 | Build | Farm |
| 25:31 | Build | House |
| 25:51 | Build | Town Center |
| 26:10 | Create | Villager (Male) |
| 26:10 | Create | Villager (Male) |
| 26:19 | Build | Monastery |
| 26:52 | Build | Farm |
| 27:09 | Build | Stable |
| 27:44 | Create | Villager (Male) |
| 27:45 | Create | Villager (Male) |
| 28:09 | Build | Market |
| 28:45 | Build | Watch Tower |
| 28:53 | Create | Villager (Male) |
| 28:53 | Create | Villager (Male) |
| 28:54 | Create | Villager (Male) |
| 28:54 | Create | Villager (Male) |
| 28:54 | Create | Villager (Male) |
| 29:27 | Research | Gold Shaft Mining |
| 29:44 | Research | Imperial Age |
| 30:15 | Create | Archer |
| 30:15 | Create | Archer |
| 30:27 | Create | Scout Cavalry |
| 30:27 | Create | Scout Cavalry |
| 30:29 | Create | Scout Cavalry |
| 30:47 | Build | Town Center |
| 32:09 | Build | Farm |
| 32:34 | Research | Chain Barding Armor |
| 33:01 | Research | Two-Man Saw |
| 33:20 | Build | Siege Workshop |
| 33:46 | Build | University |
| 33:51 | Create | Villager (Male) |
| 33:51 | Create | Villager (Male) |
| 33:52 | Create | Villager (Male) |
| 33:52 | Create | Villager (Male) |
| 33:52 | Create | Villager (Male) |
| 33:53 | Create | Villager (Male) |
| 33:53 | Create | Villager (Male) |
| 33:53 | Create | Villager (Male) |
| 33:53 | Create | Villager (Male) |
| 33:54 | Create | Villager (Male) |
| 33:54 | Create | Villager (Male) |
| 33:54 | Create | Villager (Male) |
| 33:54 | Create | Villager (Male) |
| 34:10 | Create | Trebuchet (Packed) |
| 34:10 | Create | Trebuchet (Packed) |
| 34:25 | Build | Stable |
| 35:26 | Research | Guard Tower (upgrade) |
| 36:05 | Research | Ring Archer Armor |
| 36:16 | Research | Light Cavalry (upgrade) |
Build order — bjoern4tel
First 150 of 261 actions detected
| 0:01 | Create | Villager (Male) |
| 0:02 | Create | Villager (Male) |
| 0:02 | Create | Villager (Male) |
| 0:04 | Build | House |
| 0:06 | Build | House |
| 0:36 | Create | Villager (Male) |
| 1:28 | Create | Villager (Male) |
| 1:28 | Create | Villager (Male) |
| 2:02 | Create | Villager (Male) |
| 2:17 | Build | Lumber Camp |
| 2:19 | Create | Villager (Male) |
| 3:26 | Create | Villager (Male) |
| 3:26 | Create | Villager (Male) |
| 3:26 | Create | Villager (Male) |
| 3:55 | Build | House |
| 4:07 | Create | Villager (Male) |
| 4:20 | Build | Mill |
| 4:55 | Create | Villager (Male) |
| 5:28 | Create | Villager (Male) |
| 5:47 | Create | Villager (Male) |
| 5:59 | Build | House |
| 6:21 | Create | Villager (Male) |
| 6:29 | Create | Villager (Male) |
| 7:12 | Create | Villager (Male) |
| 7:41 | Research | Loom |
| 8:05 | Research | Feudal Age |
| 8:19 | Build | Barracks |
| 8:33 | Build | House |
| 8:43 | Build | Lumber Camp |
| 9:02 | Build | Farm |
| 9:03 | Build | Farm |
| 9:28 | Create | Villager (Male) |
| 9:28 | Create | Villager (Male) |
| 9:29 | Create | Villager (Male) |
| 9:42 | Create | Villager (Male) |
| 10:02 | Build | Mining Camp |
| 10:16 | Age | Feudal Age |
| 10:27 | Create | Villager (Male) |
| 10:42 | Build | Farm |
| 11:00 | Build | Archery Range |
| 11:03 | Create | Villager (Male) |
| 11:19 | Build | Farm |
| 11:29 | Create | Villager (Male) |
| 11:39 | Build | Farm |
| 11:55 | Create | Villager (Male) |
| 12:16 | Build | Blacksmith |
| 12:20 | Create | Villager (Male) |
| 12:31 | Build | House |
| 12:40 | Create | Villager (Male) |
| 12:45 | Create | Archer |
| 12:56 | Create | Archer |
| 13:05 | Build | Farm |
| 13:10 | Build | House |
| 13:17 | Create | Villager (Male) |
| 13:42 | Build | Farm |
| 13:44 | Create | Villager (Male) |
| 13:53 | Build | Farm |
| 13:56 | Create | Villager (Male) |
| 14:10 | Build | Farm |
| 14:13 | Build | Farm |
| 14:23 | Create | Villager (Male) |
| 14:28 | Build | Farm |
| 14:33 | Create | Villager (Male) |
| 14:41 | Create | Archer |
| 15:23 | Create | Villager (Male) |
| 15:37 | Build | House |
| 15:46 | Build | House |
| 16:07 | Create | Villager (Male) |
| 16:13 | Build | Farm |
| 16:19 | Create | Archer |
| 16:48 | Research | Castle Age |
| 17:04 | Create | Villager (Male) |
| 17:14 | Build | Farm |
| 17:20 | Create | Villager (Male) |
| 17:25 | Create | Archer ×2 |
| 17:45 | Research | Fletching |
| 18:00 | Build | Archery Range |
| 18:06 | Create | Archer |
| 18:34 | Create | Villager (Male) |
| 18:47 | Create | Villager (Male) |
| 19:04 | Build | Stable |
| 19:13 | Research | Double-Bit Axe |
| 19:15 | Research | Horse Collar |
| 19:28 | Create | Villager (Male) |
| 19:28 | Age | Castle Age |
| 19:54 | Build | Farm |
| 20:16 | Build | Town Center |
| 20:30 | Create | Villager (Male) |
| 20:36 | Build | University |
| 20:41 | Create | Villager (Male) |
| 20:53 | Build | Stable |
| 20:55 | Build | Stable |
| 21:00 | Research | Bodkin Arrow |
| 21:11 | Create | Villager (Male) |
| 21:31 | Build | Town Center |
| 21:36 | Create | Villager (Male) |
| 21:42 | Research | Crossbowman (upgrade) |
| 21:43 | Create | Archer ×3 |
| 22:00 | Build | Farm |
| 22:04 | Build | House |
| 22:09 | Build | House |
| 22:11 | Build | House |
| 22:12 | Build | House |
| 22:24 | Build | House |
| 22:27 | Build | House |
| 22:32 | Create | Villager (Male) |
| 22:32 | Create | Villager (Male) |
| 22:40 | Create | Villager (Male) |
| 22:40 | Create | Villager (Male) |
| 22:48 | Build | House |
| 22:50 | Build | House |
| 22:51 | Build | House |
| 22:54 | Build | House |
| 22:55 | Build | House |
| 22:57 | Build | House |
| 23:06 | Research | Light Cavalry (upgrade) |
| 23:30 | Create | Villager (Male) |
| 23:31 | Create | Villager (Male) |
| 23:31 | Create | Villager (Male) |
| 23:40 | Build | Mining Camp |
| 23:43 | Create | Villager (Male) |
| 23:49 | Build | Farm |
| 24:11 | Create | Villager (Male) |
| 24:11 | Create | Villager (Male) |
| 24:17 | Build | Mining Camp |
| 24:21 | Create | Villager (Male) |
| 24:37 | Build | Monastery |
| 24:42 | Create | Villager (Male) |
| 24:52 | Create | Knight |
| 25:01 | Research | Ballistics |
| 25:14 | Create | Villager (Male) |
| 25:14 | Create | Villager (Male) |
| 25:30 | Build | Market |
| 25:33 | Create | Villager (Male) |
| 25:34 | Create | Villager (Male) |
| 25:51 | Create | Villager (Male) |
| 25:53 | Research | Padded Archer Armor |
| 26:17 | Create | Villager (Male) |
| 26:18 | Create | Villager (Male) |
| 27:12 | Create | Villager (Male) |
| 27:13 | Create | Villager (Male) |
| 27:13 | Create | Villager (Male) |
| 27:13 | Create | Villager (Male) |
| 27:15 | Create | Villager (Male) |
| 27:16 | Create | Villager (Male) |
| 27:16 | Create | Villager (Male) |
| 27:35 | Build | Farm |
| 27:37 | Research | Bow Saw |
| 27:45 | Create | Villager (Male) |
| 27:58 | Create | Monk |
Build order — m91bpm
First 150 of 316 actions detected
| 0:10 | Create | Villager (Male) |
| 0:11 | Create | Villager (Male) |
| 0:11 | Create | Villager (Male) |
| 0:11 | Create | Villager (Male) |
| 0:14 | Research | Loom |
| 1:45 | Create | Villager (Male) |
| 1:45 | Create | Villager (Male) |
| 2:21 | Create | Villager (Male) |
| 2:21 | Create | Villager (Male) |
| 2:50 | Build | Mill |
| 2:58 | Create | Villager (Male) |
| 2:58 | Create | Villager (Male) |
| 2:58 | Create | Villager (Male) |
| 3:17 | Create | Villager (Male) |
| 3:18 | Create | Villager (Male) |
| 3:43 | Create | Villager (Male) |
| 3:43 | Create | Villager (Male) |
| 3:43 | Create | Villager (Male) |
| 4:09 | Create | Villager (Male) |
| 4:10 | Create | Villager (Male) |
| 4:24 | Create | Villager (Male) |
| 4:37 | Create | Villager (Male) |
| 4:58 | Create | Villager (Male) |
| 4:58 | Create | Villager (Male) |
| 5:42 | Create | Villager (Male) |
| 5:43 | Create | Villager (Male) |
| 5:43 | Create | Villager (Male) |
| 7:25 | Create | Villager (Male) |
| 7:25 | Create | Villager (Male) |
| 7:25 | Create | Villager (Male) |
| 7:26 | Create | Villager (Male) |
| 7:26 | Create | Villager (Male) |
| 8:56 | Build | Lumber Camp |
| 10:07 | Create | Villager (Male) |
| 10:32 | Research | Feudal Age |
| 12:06 | Build | Lumber Camp |
| 12:28 | Build | Farm |
| 12:30 | Build | Farm |
| 12:31 | Build | Farm |
| 12:33 | Build | Farm |
| 12:35 | Build | Farm |
| 12:36 | Build | Farm |
| 12:37 | Build | Farm |
| 12:39 | Build | Farm |
| 12:42 | Build | Farm |
| 12:48 | Research | Wheelbarrow |
| 12:52 | Research | Double-Bit Axe |
| 13:03 | Research | Horse Collar |
| 13:35 | Create | Villager (Male) |
| 13:36 | Create | Villager (Male) |
| 13:36 | Create | Villager (Male) |
| 14:10 | Build | Farm |
| 14:12 | Build | Farm |
| 14:14 | Build | Farm |
| 14:16 | Build | Farm |
| 14:19 | Build | Farm |
| 14:23 | Build | Farm |
| 14:59 | Create | Villager (Male) |
| 15:01 | Create | Villager (Male) |
| 15:02 | Create | Villager (Male) |
| 15:02 | Create | Villager (Male) |
| 15:03 | Create | Villager (Male) |
| 15:04 | Create | Villager (Male) |
| 15:36 | Build | Blacksmith |
| 16:09 | Build | Market |
| 16:20 | Create | Villager (Male) |
| 16:32 | Build | Farm |
| 17:13 | Build | Mining Camp |
| 17:40 | Research | Castle Age |
| 17:54 | Research | Gold Mining |
| 19:03 | Build | Mining Camp |
| 20:32 | Research | Hand Cart |
| 20:34 | Research | Bow Saw |
| 20:41 | Research | Heavy Plow |
| 20:46 | Research | Stone Mining |
| 20:52 | Research | Caravan |
| 21:07 | Research | Gold Shaft Mining |
| 21:15 | Create | Villager (Male) |
| 21:15 | Create | Villager (Male) |
| 21:15 | Create | Villager (Male) |
| 21:16 | Create | Villager (Male) |
| 21:16 | Create | Villager (Male) |
| 21:27 | Build | Town Center |
| 21:38 | Build | Town Center |
| 21:51 | Build | Town Center |
| 21:58 | Create | Villager (Male) |
| 21:59 | Create | Villager (Male) |
| 22:44 | Create | Villager (Male) |
| 22:45 | Create | Villager (Male) |
| 22:45 | Create | Villager (Male) |
| 22:45 | Create | Villager (Male) |
| 23:05 | Create | Villager (Male) |
| 23:05 | Create | Villager (Male) |
| 23:05 | Create | Villager (Male) |
| 23:06 | Create | Villager (Male) |
| 23:06 | Create | Villager (Male) |
| 23:06 | Create | Villager (Male) |
| 23:38 | Create | Trade Cart |
| 23:38 | Create | Trade Cart |
| 23:38 | Create | Trade Cart |
| 23:40 | Create | Trade Cart |
| 23:50 | Create | Villager (Male) |
| 23:51 | Create | Villager (Male) |
| 23:57 | Create | Villager (Male) |
| 23:57 | Create | Villager (Male) |
| 23:57 | Create | Villager (Male) |
| 23:58 | Create | Villager (Male) |
| 23:58 | Create | Villager (Male) |
| 23:58 | Create | Villager (Male) |
| 24:34 | Create | Villager (Male) |
| 24:34 | Create | Villager (Male) |
| 24:34 | Create | Villager (Male) |
| 24:46 | Build | Market |
| 24:52 | Build | Market |
| 26:08 | Build | Castle |
| 26:45 | Create | Villager (Male) |
| 26:46 | Create | Villager (Male) |
| 26:46 | Create | Villager (Male) |
| 26:46 | Create | Villager (Male) |
| 26:46 | Create | Villager (Male) |
| 26:47 | Create | Villager (Male) |
| 26:47 | Create | Villager (Male) |
| 26:47 | Create | Villager (Male) |
| 26:58 | Build | Barracks |
| 27:03 | Build | Barracks |
| 27:33 | Build | University |
| 27:44 | Build | Monastery |
| 27:46 | Create | Villager (Male) |
| 27:47 | Create | Villager (Male) |
| 27:47 | Create | Villager (Male) |
| 28:31 | Create | Trade Cart |
| 28:31 | Create | Trade Cart |
| 28:32 | Create | Trade Cart |
| 28:40 | Research | Imperial Age |
| 28:41 | Research | Imperial Age |
| 29:20 | Build | Stable |
| 29:23 | Build | Stable |
| 29:25 | Build | Stable |
| 29:27 | Build | Stable |
| 29:30 | Build | Stable |
| 29:32 | Build | Stable |
| 29:47 | Research | Murder Holes |
| 29:48 | Research | Ballistics |
| 29:54 | Research | Scale Barding Armor |
| 29:55 | Research | Forging |
| 29:55 | Research | Scale Mail Armor |
| 30:17 | Research | Squires |
| 30:25 | Create | Villager (Male) |
| 30:25 | Create | Villager (Male) |
| 30:26 | Create | Villager (Male) |
Build order — Big_Joe
First 150 of 203 actions detected
| 0:04 | Build | House |
| 0:05 | Create | Villager (Male) |
| 0:05 | Create | Villager (Male) |
| 0:08 | Build | House |
| 0:37 | Create | Villager (Male) |
| 0:55 | Create | Villager (Male) |
| 1:34 | Create | Villager (Male) |
| 1:52 | Build | Lumber Camp |
| 2:07 | Create | Villager (Male) |
| 2:22 | Create | Villager (Male) |
| 2:54 | Create | Villager (Male) |
| 3:13 | Create | Villager (Male) |
| 3:29 | Build | House |
| 3:50 | Create | Villager (Male) |
| 3:56 | Build | Mill |
| 4:15 | Create | Villager (Male) |
| 4:24 | Build | House |
| 4:44 | Create | Villager (Male) |
| 4:51 | Build | House |
| 5:18 | Create | Villager (Male) |
| 5:20 | Create | Villager (Male) |
| 5:49 | Build | Mill |
| 6:06 | Create | Villager (Male) |
| 6:22 | Research | Loom |
| 6:43 | Create | Villager (Male) |
| 7:12 | Create | Villager (Male) |
| 7:33 | Create | Villager (Male) |
| 8:37 | Create | Villager (Male) |
| 9:05 | Research | Feudal Age |
| 10:15 | Build | Lumber Camp |
| 10:22 | Create | Villager (Male) |
| 10:22 | Create | Villager (Male) |
| 11:15 | Age | Feudal Age |
| 11:21 | Create | Villager (Male) |
| 11:23 | Research | Wheelbarrow |
| 11:26 | Research | Double-Bit Axe |
| 12:10 | Build | Mining Camp |
| 12:28 | Create | Villager (Male) |
| 12:28 | Create | Villager (Male) |
| 13:14 | Build | Farm |
| 13:29 | Build | Mill |
| 13:35 | Create | Villager (Male) |
| 14:16 | Create | Villager (Male) |
| 14:31 | Build | Barracks |
| 14:51 | Build | House |
| 15:00 | Build | House |
| 15:08 | Build | House |
| 15:19 | Build | House |
| 15:20 | Build | House |
| 15:22 | Build | House |
| 15:23 | Build | House |
| 15:36 | Build | Blacksmith |
| 15:40 | Create | Villager (Male) |
| 15:40 | Create | Villager (Male) |
| 15:57 | Create | Spearman |
| 15:57 | Create | Spearman |
| 15:58 | Create | Spearman |
| 16:45 | Build | Mining Camp |
| 16:50 | Build | Farm |
| 16:50 | Build | Farm |
| 16:51 | Build | Farm |
| 16:51 | Build | Farm |
| 16:52 | Build | Farm |
| 16:52 | Build | Farm |
| 16:56 | Research | Horse Collar |
| 17:21 | Create | Villager (Male) |
| 17:21 | Create | Villager (Male) |
| 17:59 | Build | Stable |
| 18:01 | Build | Stable |
| 18:09 | Research | Forging |
| 18:22 | Build | Farm |
| 18:28 | Build | Farm |
| 18:55 | Research | Castle Age |
| 19:22 | Create | Villager (Male) |
| 19:23 | Create | Villager (Male) |
| 20:00 | Research | Stone Mining |
| 20:05 | Research | Gold Mining |
| 21:10 | Build | Mining Camp |
| 21:35 | Age | Castle Age |
| 21:42 | Build | Town Center |
| 21:52 | Research | Hand Cart |
| 21:56 | Research | Bow Saw |
| 21:58 | Research | Heavy Plow |
| 22:29 | Build | Farm |
| 22:33 | Create | Villager (Male) |
| 22:33 | Create | Villager (Male) |
| 22:34 | Create | Villager (Male) |
| 22:47 | Create | Villager (Male) |
| 22:55 | Build | Farm |
| 22:55 | Build | Farm |
| 22:56 | Build | Farm |
| 23:28 | Build | Mining Camp |
| 23:42 | Research | Scale Barding Armor |
| 23:49 | Build | Farm |
| 24:16 | Create | Villager (Male) |
| 24:16 | Create | Villager (Male) |
| 24:25 | Build | Town Center |
| 24:33 | Create | Villager (Male) |
| 25:04 | Research | Chain Barding Armor |
| 25:28 | Create | Villager (Male) |
| 25:29 | Create | Villager (Male) |
| 25:29 | Create | Villager (Male) |
| 25:37 | Build | Farm |
| 25:37 | Build | Farm |
| 25:37 | Build | Farm |
| 25:38 | Build | Farm |
| 25:42 | Create | Villager (Male) |
| 25:43 | Create | Villager (Male) |
| 25:43 | Create | Villager (Male) |
| 26:19 | Build | Lumber Camp |
| 26:33 | Create | Villager (Male) |
| 26:34 | Create | Villager (Male) |
| 26:36 | Research | Town Watch |
| 26:57 | Create | Villager (Male) |
| 26:58 | Create | Villager (Male) |
| 27:00 | Create | Villager (Male) |
| 28:17 | Build | Castle |
| 28:26 | Create | Villager (Male) |
| 28:26 | Create | Villager (Male) |
| 28:35 | Create | Knight |
| 28:36 | Create | Knight |
| 28:38 | Create | Knight |
| 28:38 | Create | Knight |
| 28:58 | Build | University |
| 29:15 | Create | Conquistador ×5 |
| 29:25 | Research | Iron Casting |
| 29:28 | Research | Fletching |
| 30:14 | Build | Barracks |
| 30:17 | Research | Ballistics |
| 30:18 | Research | Masonry |
| 30:20 | Research | Murder Holes |
| 30:29 | Create | Villager (Male) |
| 30:29 | Create | Villager (Male) |
| 30:57 | Create | Villager (Male) |
| 30:58 | Create | Villager (Male) |
| 31:04 | Build | Monastery |
| 31:27 | Create | Spearman |
| 31:27 | Create | Spearman |
| 31:28 | Create | Spearman |
| 31:43 | Build | Farm |
| 31:43 | Build | Farm |
| 31:45 | Create | Villager (Male) |
| 31:45 | Create | Villager (Male) |
| 31:46 | Create | Villager (Male) |
| 31:46 | Create | Villager (Male) |
| 32:00 | Create | Monk |
| 32:22 | Build | Castle |
| 32:26 | Create | Villager (Male) |
| 32:26 | Create | Villager (Male) |
| 32:26 | Create | Villager (Male) |
Match timeline
| 8:19 | bjoern4tel · first_building Barracks |
| 9:42 | Red Leader · first_building Barracks |
| 9:47 | bitdos1001 · first_building Barracks |
| 10:16 | bjoern4tel · age_up feudal |
| 11:00 | bjoern4tel · first_building Archery Range |
| 11:15 | Big_Joe · age_up feudal |
| 11:39 | Red Leader · age_up feudal |
| 11:58 | Red Leader · first_building Stable |
| 12:00 | TurfyLamp6841 · first_building Barracks |
| 14:31 | Big_Joe · first_building Barracks |
| 15:25 | bitdos1001 · first_building Archery Range |
| 17:33 | m91bpm · first_market_sell 100 wood |
| 17:59 | Big_Joe · first_building Stable |
| 18:19 | TurfyLamp6841 · first_building Archery Range |
| 19:04 | bjoern4tel · first_building Stable |
| 19:07 | Red Leader · first_market_buy 100 food |
| 19:28 | bjoern4tel · age_up castle |
| 21:35 | Big_Joe · age_up castle |
| 22:57 | Red Leader · age_up castle |
| 23:30 | Red Leader · first_building Siege Workshop |
| 24:36 | TurfyLamp6841 · first_building Castle |
| 24:37 | bjoern4tel · first_building Monastery |
| 25:38 | bitdos1001 · first_building Castle |
| 26:08 | m91bpm · first_building Castle |
| 26:19 | TurfyLamp6841 · first_building Monastery |
| 26:40 | Red Leader · first_building Castle |
| 26:58 | m91bpm · first_building Barracks |
| 27:09 | TurfyLamp6841 · first_building Stable |
| 27:44 | m91bpm · first_building Monastery |
| 28:17 | Big_Joe · first_building Castle |
| 29:10 | bitdos1001 · wall_segment Stone Wall x8 |
| 29:20 | m91bpm · first_building Stable |
| 29:39 | TurfyLamp6841 · first_market_sell 100 food |
| 29:41 | bitdos1001 · wall_segment Stone Wall x1 |
| 30:24 | bjoern4tel · first_market_sell 100 wood |
| 30:26 | bjoern4tel · first_market_buy 100 food |
| 31:04 | Big_Joe · first_building Monastery |
| 31:07 | bitdos1001 · wall_segment Stone Wall x10 |
| 32:52 | bitdos1001 · first_building Monastery |
| 32:52 | Red Leader · first_building Monastery |
| 33:20 | TurfyLamp6841 · first_building Siege Workshop |
| 33:27 | m91bpm · first_building Archery Range |
| 34:00 | bjoern4tel · first_building Castle |
| 34:29 | Red Leader · first_market_sell 100 wood |
| 35:27 | bjoern4tel · age_up imperial |
| 36:16 | Big_Joe · first_building Siege Workshop |
| 37:17 | Red Leader · age_up imperial |
| 38:52 | Big_Joe · age_up imperial |
| 42:43 | Red Leader · resign |
[ AI ANALYSIS · 1 CREDIT ]
What really happened in this match?
Wolo.gg analyzes every decision: build order, eco, micro, common mistakes by bracket. Personalized analysis on WhatsApp or Discord in 30 seconds.
Civ guide
Persians
Map guide
Arena
Perfil
Jugador #10333021